[Event "Early-Titled-Tuesday-Blitz-October-10-2023"]
[Site "Chess.com"]
[Date "2023.10.10"]
[Round "3"]
[White "vladgoncharov"]
[Black "emeli_chess"]
[Result "0-1"]
[WhiteElo "2517"]
[BlackElo "2375"]
[TimeControl "180+1"]
[EndTime "8:29:52 PDT"]
[Termination "emeli_chess won by resignation"]

1. d4 Nf6 2. c4 e6 3. Nc3 Bb4 4. e3 b6 5. Bd3 Bb7 6. Nf3 O-O 7. O-O Bxc3 8. bxc3 Be4 9. Be2 d5 10. Ne1 c5 11. f3 Bg6 12. a4 Nc6 13. Ba3 Na5 14. dxc5 Nxc4 15. Bxc4 dxc4 16. e4 Qxd1 17. Rxd1 Rfc8 18.
Rd4 bxc5 19. Rxc4 Nd7 20. a5 e5 21. Nd3 f6 22. Ra1 Bf7 23. Rxc5 Nxc5 24. Nxc5 Rd8 25. a6 Bc4 26. Bb4 Rd2 27. h4 h5 28.
Nb7 Rc8 29. Bc5 Rc6 30. Bxa7 Rxa6 31. Rxa6 Bxa6 32. Nc5 Bc4 33. Bb6 Ra2 34. Nd7 Ra3 35.
Bf2 Rxc3 36. Nb6 Rc2 37. Nd7 Kf7 38. Nc5 Bb5 39. Be3 Rc3 40. Bf2 Rc1+ 41. Kh2 g5 42. hxg5 fxg5 43. Be3 Rc2 44. Kg1 Kf6 45. Nb7 Re2 46.
Bf2 Rd2 47. Nc5 Rd1+ 48. Kh2 h4 49. Nb3 Bf1 50. Nc5 Rc1 51. Nb3 Rc2 52. Kg1 Bxg2 53.
Kxg2 h3+ 54. Kg1 h2+ 55. Kxh2 Rxf2+ 56. Kg3 Rc2 57. Na5 Rc3 58. Nb7 Ke7 59. Kg4 Kd7 60.
Kxg5 Rxf3 61. Nc5+ Kd6 62. Nb7+ Kc6 63. Nd8+ Kd7 64.
Nf7 Ke6 65. Nh6 Rf4 66. Nf5 Rxe4 67. Ng3 Rf4 68. Nh5 Rf8 69. Kg4 Kd5 70. Ng3 Kd4 71. Kh3 e4 72. Kg2 e3 73. Kg1 Kd3 74. Kg2 e2 75.
Nh1 e1=Q 76. Nf2+ Qxf2+ 0-1

[Event "Early-Titled-Tuesday-Blitz-October-10-2023"]
[Site "Chess.com"]
[Date "2023.10.10"]
[Round "3"]
[White "Legendinunknown"]
[Black "NovozhilovSemen"]
[Result "1-0"]
[WhiteElo "2827"]
[BlackElo "2596"]
[TimeControl "180+1"]
[EndTime "8:29:58 PDT"]
[Termination "Legendinunknown won by resignation"]

1. d4 Nf6 2. c4 e6 3. Nc3 Bb4 4. f3 c5 5. d5 b5 6. e4 bxc4 7. Bxc4 O-O 8. Ne2 Nxd5 9. Bxd5 exd5 10. Qxd5 Nc6 11. Be3 Qe7 12. Kf2 Bb7 13. Rhd1 Rfd8 14. a3 Bxc3 15. Nxc3 Na5 16. Qd3 c4 17. Qe2 Rac8 18.
Nd5 Qe6 19. Rac1 Ba6 20. Rc3 Nb3 21. Bxa7 Nc5 22. Bxc5 Rxc5 23. Qe3 d6 24. Nf4 Qe7 25. Rd2 h6 26. Nd5 Qe6 27. h4 Rb8 28. Qd4 Bb5 29.
Nf4 Qe7 30. g3 Rd8 31. b4 Rcc8 32. Nd5 Qe6 33. Kg2 Ra8 34. Nc7 Qd7 35. Nxb5 Qxb5 36. Qd5 Qa6 37. b5 Qa5 38. Qxc4 Rac8 39. Qxc8 Rxc8 40.
Rxc8+ Kh7 41. Rxd6 Qxb5 42. Rd2 Qa5 43. Rdd8 h5 44.
Rd5 Qxa3 45. Rxh5+ Kg6 46. Rg5+ Kh7 47. Rh5+ Kg6 48.
Rhc5 Qb2+ 49. Rc2 Qa3 50. Rh8 f6 51. Rhc8 Kh6 52. R8c3 Qa4 53. g4 Kh7 54. Kg3 Qa7 55.
Kg2 Qe7 56. Rc7 Qd6 57. Ra7 Qd4 58. Raa2 Qd6 59. Rd2 Qf4 60. Rac2 Qh6 61. h5 Qf4 62. Rd7 Kh6 63. Rd8 Kg5 64. Rc5+ Kh4 65. Rc3 Qg3+ 66. Kf1 Kh3 67. Rd2 Qf4 68. Ke2 Kg3 69. Kd1 Qb8 70. Kc2 Kf4 71. Rd5 Qa8 72. Rf5+ Kg3 73. Kb2 Qb7+ 74. Rb3 Qa7 75. g5 Qd4+ 76. Ka2 Qa4+ 77.
Kb2 Qd4+ 78. Rc3 Qc4 79. Rxc4 1-0

[Event "Early-Titled-Tuesday-Blitz-October-10-2023"]
[Site "Chess.com"]
[Date "2023.10.10"]
[Round "3"]
[White "TomLiu777"]
[Black "SirStrateg"]
[Result "0-1"]
[WhiteElo "2359"]
[BlackElo "2583"]
[TimeControl "180+1"]
[EndTime "8:30:10 PDT"]
[Termination "SirStrateg won on time"]

1. c4 e5 2. Nc3 Bb4 3. Nd5 Bd6 4. d4 Nc6 5. Nf3 Nge7 6. e4 exd4 7. Nxd4 O-O 8. Be2 Bc5 9. Be3 Nxd5 10. cxd5 Nxd4 11. Bxd4 Bb4+ 12. Bc3 Bxc3+ 13. bxc3 d6 14. Qd4 f5 15. Bd3 fxe4 16. Bxe4 Qf6 17. Qxf6 Rxf6 18. Ke2 Bd7 19. Rab1 Re8 20. f3 b6 21. Kd3 h6 22. Rhe1 Kf8 23. Kd4 Re5 24. Re3 g5 25. Rbe1 Rf7 26. a4 a5 27. Bc2 Rxe3 28.
Rxe3 Rf4+ 29. Re4 Rf5 30. c4 Kf7 31. Re3 Rf4+ 32. Re4 Rf6 33. Re3 Kf8 34. Re4 Rf7 35. Re3 Kg7 36. Re4 Kf6 37. Re3 Re7 38. Rxe7 Kxe7 39.
g4 Kf6 40. Bd1 Be8 41. Bc2 h5 42. h3 h4 43. Bd1 Bd7 44. Bc2 c6 45. Bd1 Be8 46. Bc2 cxd5 47. Kxd5 Ke7 48. Bb3 Kd7 49. Ke4 Bg6+ 50. Kd4 Kc6 51. Bd1 Bb1 52. Bb3 Bg6 53. Bd1 Bf7 54. Bb3 Be6 55. Bd1 d5 56. cxd5+ Bxd5 57. Ke5 Bc4 58. Kf6 Bf1 59. Kxg5 Bxh3 60. Kxh4 Bf1 61. g5 Bd3 62. f4 Kd5 63. Kh5 Ke6 64. g6 Kf6 65. Kh6 Bxg6 66. Bb3 Be8 67. Bc2 Bd7 68.
Bb3 Kf5 69. Kg7 Kxf4 70. Kf7 Ke5 71. Ke7 Bf5 72. Kd8 Kd6 73. Bd1 Kc5 74. Kc7 Bg6 75.
Bb3 Be8 76. Bd1 Kb4 0-1

[Event "Early-Titled-Tuesday-Blitz-October-10-2023"]
[Site "Chess.com"]
[Date "2023.10.10"]
[Round "3"]
[White "Manukyan_Artak"]
[Black "JuniorJumper"]
[Result "1-0"]
[WhiteElo "2473"]
[BlackElo "2618"]
[TimeControl "180+1"]
[EndTime "8:30:12 PDT"]
[Termination "Manukyan_Artak won by checkmate"]

1. e4 e5 2. Nf3 Nc6 3. d4 exd4 4. Nxd4 Nf6 5. Nxc6 bxc6 6. e5 Qe7 7. Qe2 Nd5 8. c4 Ba6 9. b3 g6 10. g3 Bg7 11.
Bb2 f6 12. exf6 Qxe2+ 13. Bxe2 Nxf6 14. Nd2 O-O 15. O-O Rfe8 16. Rfe1 Bb7 17. Bf3 Ne4 18. Nxe4 Bxb2 19. Rab1 Bg7 20. Nc5 Rxe1+ 21. Rxe1 Bc8 22.
Bg4 d6 23. Re8+ Kf7 24. Rxc8 Rxc8 25. Bxc8 dxc5 26. Bd7 Ke7 27. Bxc6 Kd6 28. Bd5 Ke5 29. f4+ Kd4 30. Bg8 h6 31. h4 Bf6 32. Kf2 g5 33. fxg5 hxg5 34. h5 Bg7 35. Kf3 Ke5 36. Bd5 a5 37.
Bc6 Bf8 38. Kg4 Bh6 39. Be8 Kf6 40. Kf3 Ke5 41. Bg6 Bf8 42. Kg4 Bh6 43. Bc2 Kf6 44.
Kf3 Ke5 45. Bg6 Bf8 46. Be8 Bg7 47. Bd7 Bf8 48. Kg4 Bh6 49. Bc8 Kf6 50. Kf3 Ke5 51.
Ke3 Bg7 52. Kd3 Bh6 53. Bd7 Bg7 54. Kc2 Kd4 55. Kb2 Kd3+ 56. Ka3 Ke4 57. g4 Kf4 58. Ka4 Bc3 59. Kb5 Bd4 60. Kxa5 Ke5 61. Kb5 Kd6 62. Be8 Bc3 63. a4 Bb2 64. a5 c6+ 65. Kb6 Bf6 66. a6 Ke7 67. Bxc6 Kd6 68. Be8 Bd8+ 69. Kb7 Bb6 70. Kxb6 Ke7 71. a7 Kxe8 72. a8=Q+ Ke7 73. Qd5 Kf6 74. Qf5+ Kg7 75. Qxg5+ Kf7 76. h6 Ke6 77. h7 Kd7 78. h8=Q Kd6 79. Qhf6+ Kd7 80. Qgg7+ Kc8 81. Qff8# 1-0

[Event "Early-Titled-Tuesday-Blitz-October-10-2023"]
[Site "Chess.com"]
[Date "2023.10.10"]
[Round "3"]
[White "Lion-Al-Messi"]
[Black "Flaccidmoves"]
[Result "1-0"]
[WhiteElo "2623"]
[BlackElo "2444"]
[TimeControl "180+1"]
[EndTime "8:30:16 PDT"]
[Termination "Lion-Al-Messi won by resignation"]

1. e4 Nf6 2. e5 Nd5 3. d4 Nb6 4.
Nf3 d5 5. Be2 Bf5 6. O-O e6 7.
Bg5 Be7 8. Bxe7 Qxe7 9. Re1 c5 10.
c3 Nc6 11. Nbd2 cxd4 12. cxd4 O-O 13. Nf1 Rac8 14. Ng3 Bg6 15. h4 h6 16. a3 Na5 17.
b4 Nac4 18. h5 Bh7 19. Qb3 Rc7 20. a4 Rfc8 21. a5 Nd7 22. b5 a6 23. b6 Rc6 24.
Qa2 Qb4 25. Bd1 Nb2 26. Bb3 Nd3 27. Ba4 Nxe1 28. Nxe1 Qxa5 29. Bxc6 Qxa2 30. Rxa2 Rxc6 31. f4 Rxb6 32. Kf2 Rc6 33. Ne2 b5 34. g4 Rb6 35.
Nc3 Nb8 36. f5 Nc6 37. Nc2 a5 38. Rb2 b4 39. Na4 Rb8 40. Nc5 exf5 41. Ne3 Ne7 42. gxf5 Bxf5 43. Kf3 Be6 44. Kf4 Ra8 45. Nc2 Nc6 46. Rb1 Kf8 47. Ke3 Ke7 48. Ra1 b3 49. Nxb3 a4 50. Nc5 Bf5 51. Na3 Nd8 52. Nb5 Ne6 53.
Nxa4 Bc2 54. Nbc3 Bxa4 55. Nxa4 g6 56. hxg6 fxg6 57. Kd3 h5 58. Kc3 h4 59. Kb4 Nxd4 60. Rh1 g5 61. Nb6 Rb8 62. Kc5 Ne6+ 63. Kc6 d4 64. Nd5+ Kf7 65. Kd6 Rd8+ 66. Kc6 d3 67. Rf1+ Kg7 68. Ne7 d2 69. Nf5+ Kg6 70. Nd6 Nd4+ 71.
Kd5 Nb3 72. Ke4 Nc1 73. Ke3 g4 74. Kxd2 h3 75. Rxc1 g3 76. Ke2 Rh8 77. Kf3 g2 78.
Ne4 Kf5 79. Ng3+ Kxe5 80. Re1+ Kf6 81. Kf2 Kg5 82. Kg1 Kg4 83. Kh2 Kf3 84. Nf5 Kf2 85.
Rd1 Rg8 86. Rg1 Rg5 87. Nd6 Kf3 88. Nf7 Rg4 89. Ne5+ Kf4 90. Nxg4 Kxg4 91. Ra1 Kh4 92. Ra4+ 1-0

[Event "Early-Titled-Tuesday-Blitz-October-10-2023"]
[Site "Chess.com"]
[Date "2023.10.10"]
[Round "3"]
[White "chessfatbear"]
[Black "Actuary44"]
[Result "1/2-1/2"]
[WhiteElo "2820"]
[BlackElo "2521"]
[TimeControl "180+1"]
[EndTime "8:30:25 PDT"]
[Termination "Game drawn - insufficient material"]

1. Nf3 d6 2. b3 e5 3. Bb2 f5 4. e3 Nf6 5. c4 g6 6. Nc3 Bg7 7. Be2 O-O 8. d4 Nc6 9. dxe5 dxe5 10.
Qxd8 Rxd8 11. c5 e4 12. Nd2 Nd7 13. Na4 Bxb2 14. Nxb2 Nxc5 15. O-O-O Be6 16. Kc2 Nb4+ 17. Kb1 Rd7 18. Ndc4 Rad8 19. Rxd7 Rxd7 20. a3 Nbd3 21. b4 Nxf2 22. Rc1 Ncd3 23. Rc2 c6 24. Na5 Nxb2 25. Kxb2 Kf7 26. Kc3 Nd3 27. Rd2 b6 28. Nxc6 Rc7 29.
b5 Ne5 30. Rd6 Bd7 31. Bc4+ Ke8 32. Bd5 Bxc6 33. bxc6 Nf7 34. Rd7 Rxd7 35. cxd7+ Kxd7 36. Bxf7 g5 37. Kd4 Ke7 38. Bg8 h5 39. Ke5 f4 40.
exf4 e3 41. Bc4 gxf4 42. Kxf4 Kd6 43. Kxe3 Kc5 44. Bd3 b5 45. g3 a5 46. Be2 h4 47.
gxh4 b4 48. axb4+ axb4 49. Bd1 Kd6 50. Bb3 Ke7 51. Kf4 Kf8 52. Kg5 Kg7 53. Kh5 Kh8 54. Kg5 Kh7 55. h5 Kh8 56. Kg4 Kh7 57. Kh4 Kh8 58. Kg3 Kh7 59. Kf4 Kh8 60. Kg5 Kh7 61.
h6 Kh8 62. Kh5 Kh7 63. Kg5 Kh8 64. Kg4 Kh7 65. Kh5 Kh8 66. h3 Kh7 67. h4 Kh8 68.
Kg5 Kh7 69. Kg4 Kh8 70. Kh5 Kh7 71. Bc2+ Kh8 72. Bb1 Kg8 73. Kg6 Kh8 74. Kf6 Kg8 75. Kg5 Kh8 76. Kg4 Kg8 77. Kf4 Kh8 78. Kg5 Kg8 79.
Kh5 Kh8 80. Kg6 Kg8 81. Kf6 Kh8 82. Ke6 Kg8 83. Kd5 Kh8 84. Kc4 Kg8 85. Kb3 Kh8 86.
Bc2 Kg8 87. Bd3 Kh8 88. Be4 Kg8 89. Bf5 Kh8 90. Bg6 Kg8 91. Bf5 Kh8 92. Be6 Kh7 93.
Bf5+ Kxh6 94. Bg4 Kg7 95. Kxb4 Kh8 96. h5 Kg7 97. h6+ Kh8 98. h7 Kxh7 1/2-1/2

[Event "Early-Titled-Tuesday-Blitz-October-10-2023"]
[Site "Chess.com"]
[Date "2023.10.10"]
[Round "4"]
[White "aaaao"]
[Black "kirillshevchenko"]
[Result "0-1"]
[WhiteElo "2740"]
[BlackElo "2974"]
[TimeControl "180+1"]
[EndTime "8:32:16 PDT"]
[Termination "kirillshevchenko won by resignation"]

1. e4 e5 2. Nf3 Nc6 3. Bc4 Nf6 4. d3 Bc5 5. O-O d6 6. h3 a6 7. a4 h6 8. c3 Ba7 9. Be3 Bb8 10.
Nbd2 O-O 11. d4 Re8 12. dxe5 Nxe5 13. Nxe5 Rxe5 14. f4 Re8 15. Qf3 d5 16. exd5 Rxe3 0-1

[Event "Early-Titled-Tuesday-Blitz-October-10-2023"]
[Site "Chess.com"]
[Date "2023.10.10"]
[Round "4"]
[White "KejJaj"]
[Black "Javylavilla"]
[Result "0-1"]
[WhiteElo "2183"]
[BlackElo "2402"]
[TimeControl "180+1"]
[EndTime "8:33:04 PDT"]
[Termination "Javylavilla won by resignation"]

1. d4 Nf6 2. Bf4 d5 3. e3 c5 4. Nd2 Nc6 5. c3 Qb6 6. Qb3 c4 7. Qc2 e6 8. e4 Qa5 9. e5 Nd7 10.
Be2 b5 11. a3 Nb6 12. Rb1 Na4 13. Nh3 Bxa3 14. bxa3 Nxc3 15. Rc1 Nxe2 16. Kxe2 Nxd4+ 0-1

[Event "Early-Titled-Tuesday-Blitz-October-10-2023"]
[Site "Chess.com"]
[Date "2023.10.10"]
[Round "4"]
[White "SirStrateg"]
[Black "MikaelyanArman"]
[Result "0-1"]
[WhiteElo "2580"]
[BlackElo "2824"]
[TimeControl "180+1"]
[EndTime "8:33:07 PDT"]
[Termination "MikaelyanArman won by resignation"]

1. d4 Nf6 2. Bf4 g6 3. e3 Bg7 4. h3 O-O 5. Nf3 c5 6. c3 cxd4 7. cxd4 Qb6 8. Qd2 Ne4 9. Qc2 Nc6 10. Nc3 d5 11. Bd3 Nb4 12. Qb1 Bf5 13. Bxe4 dxe4 14.
Nd2 Nd3+ 15. Kf1 Nxf4 0-1

[Event "Early-Titled-Tuesday-Blitz-October-10-2023"]
[Site "Chess.com"]
[Date "2023.10.10"]
[Round "4"]
[White "Rsnr"]
[Black "FREDERICKtheMATE"]
[Result "1-0"]
[WhiteElo "2844"]
[BlackElo "2587"]
[TimeControl "180+1"]
[EndTime "8:33:22 PDT"]
[Termination "Rsnr won by resignation"]

1. d4 Nf6 2. c4 e6 3. Nf3 d5 4. g3 dxc4 5. Bg2 c5 6. O-O Nc6 7. Ne5 Nxe5 8. dxe5 Qxd1 9. Rxd1 Nd7 10. Na3 Nxe5 11.
Bf4 Nc6 12. Nb5 Ke7 13. Bxc6 bxc6 14. Nc7 Rb8 15. Bd6+ Kd7 16. Bxf8+ Kxc7 17. Bd6+ Kb7 18. Bxb8 Kxb8 19. Rac1 Kc7 20. Rxc4 Ba6 21. Ra4 Bxe2 22. Rxa7+ Kb6 23. Rdd7 c4 24. f4 Bh5 25. Kf2 Bg6 26.
Ke3 Rb8 27. Kd4 Kb5 28. Rdb7+ Rxb7 29. Rxb7+ Ka6 30. Rb4 Bd3 31. Kc5 f6 32. Kxc6 Ka5 33. Rb5+ Ka4 34. Kc5 e5 35. Rb7 1-0

[Event "Early-Titled-Tuesday-Blitz-October-10-2023"]
[Site "Chess.com"]
[Date "2023.10.10"]
[Round "4"]
[White "FontVella8"]
[Black "Irishchessman16"]
[Result "1-0"]
[WhiteElo "2617"]
[BlackElo "2451"]
[TimeControl "180+1"]
[EndTime "8:33:29 PDT"]
[Termination "FontVella8 won by resignation"]

1. e4 c5 2. Nf3 Nc6 3. d4 cxd4 4. Nxd4 Nf6 5. Nc3 d6 6. Bg5 e6 7.
Qd3 Bd7 8. Ndb5 Nb4 9. Qd1 a6 10. a3 axb5 11. axb4 Rxa1 12. Qxa1 d5 13. Bxb5 Bxb4 14. Bxd7+ Qxd7 15. Qa8+ Ke7 16. Qxh8 Qb5 17. Qxg7 Bxc3+ 18. bxc3 1-0

[Event "Early-Titled-Tuesday-Blitz-October-10-2023"]
[Site "Chess.com"]
[Date "2023.10.10"]
[Round "4"]
[White "JoliyRoger"]
[Black "SharapovEvgeny"]
[Result "1/2-1/2"]
[WhiteElo "2472"]
[BlackElo "2611"]
[TimeControl "180+1"]
[EndTime "8:33:31 PDT"]
[Termination "Game drawn by agreement"]

1. Nf3 c5 2. c4 Nc6 3. Nc3 e5 4. e3 Nf6 5. d4 cxd4 6. exd4 e4 7. Ne5 Bb4 8. Be2 Qa5 9. Nxc6 dxc6 10. Bd2 O-O 11. O-O Re8 12. a3 Bxc3 13. Bxc3 Qg5 14. f4 exf3 15. Bxf3 Bg4 16. d5 Bxf3 17. Qxf3 cxd5 18.
Bxf6 Qxf6 19. Qxf6 gxf6 20. cxd5 Rad8 21. Rad1 Rd6 22. Rf3 1/2-1/2

[Event "Early-Titled-Tuesday-Blitz-October-10-2023"]
[Site "Chess.com"]
[Date "2023.10.10"]
[Round "4"]
[White "combidharma"]
[Black "Vladimir_Zakhartsov"]
[Result "0-1"]
[WhiteElo "2658"]
[BlackElo "2844"]
[TimeControl "180+1"]
[EndTime "8:33:47 PDT"]
[Termination "Vladimir_Zakhartsov won by resignation"]

1. d4 Nf6 2. c4 e6 3. g3 c5 4. Bg2 cxd4 5. Qxd4 Nc6 6. Qd1 Bb4+ 7.
Bd2 Qb6 8. Nf3 Bc5 9. O-O Ne4 10.
Be1 Qxb2 11. Nfd2 Nxf2 12. Bxf2 Bxf2+ 13. Rxf2 Qxa1 0-1

[Event "Early-Titled-Tuesday-Blitz-October-10-2023"]
[Site "Chess.com"]
[Date "2023.10.10"]
[Round "4"]
[White "AsaHoffmann"]
[Black "DTChess"]
[Result "0-1"]
[WhiteElo "2398"]
[BlackElo "2624"]
[TimeControl "180+1"]
[EndTime "8:33:47 PDT"]
[Termination "DTChess won by checkmate"]

1. d4 Nf6 2. Bg5 e6 3. Nd2 b6 4.
e3 Bb7 5. Ngf3 d6 6. Bd3 h6 7. Bh4 Nbd7 8. Qe2 a6 9. c3 g5 10. Bg3 Nh5 11. O-O-O Nxg3 12. hxg3 Bg7 13. g4 Qe7 14. e4 d5 15. e5 c5 16. Kb1 c4 17.
Bc2 b5 18. Ne1 a5 19. g3 Nb6 20. f4 b4 21. Nef3 Kd7 22. f5 Bf8 23. Rdf1 bxc3 24.
bxc3 Qa3 25. Qe3 Rb8 26. fxe6+ fxe6 27. Nxg5 Be7 28. Nxe6 Bc6 29. Nb3 cxb3 30. axb3 Nc4 31. Qc1 Rxb3+ 32. Bxb3 Qxb3+ 33. Ka1 Qa4+ 34. Kb1 Rb8+ 35.
Qb2 Rxb2+ 36. Kc1 Qc2# 0-1

[Event "Early-Titled-Tuesday-Blitz-October-10-2023"]
[Site "Chess.com"]
[Date "2023.10.10"]
[Round "4"]
[White "vladgoncharov"]
[Black "CFN_Good_Evening"]
[Result "1-0"]
[WhiteElo "2517"]
[BlackElo "1627"]
[TimeControl "180+1"]
[EndTime "8:33:53 PDT"]
[Termination "vladgoncharov won by resignation"]

1. d4 Nf6 2. c4 e6 3. Nf3 d5 4. Nc3 Be7 5. Bg5 O-O 6. e3 c6 7. Rc1 Nbd7 8. Bd3 dxc4 9. Bxc4 b5 10. Bd3 Bb7 11. O-O a6 12. Bxf6 Nxf6 13. Ne4 Qd5 14. Nxf6+ gxf6 15. a3 c5 16. dxc5 Rad8 17. Be2 Bxc5 18.
Qxd5 Rxd5 19. e4 1-0

[Event "Early-Titled-Tuesday-Blitz-October-10-2023"]
[Site "Chess.com"]
[Date "2023.10.10"]
[Round "4"]
[White "scarabee43"]
[Black "GlavkonVVS"]
[Result "1-0"]
[WhiteElo "2795"]
[BlackElo "2554"]
[TimeControl "180+1"]
[EndTime "8:33:55 PDT"]
[Termination "scarabee43 won by checkmate"]

1. Nf3 Nf6 2. d4 c5 3. d5 e6 4.
Nc3 exd5 5. Nxd5 Nxd5 6. Qxd5 d6 7. g3 Nc6 8. Bg2 Be6 9. Qd1 Be7 10. O-O d5 11. c3 O-O 12. Bf4 b5 13. Qc2 a5 14. h4 h6 15. Rad1 Qb6 16. Rfe1 Rfd8 17. e4 d4 18. cxd4 cxd4 19. a3 Rac8 20. Qd2 b4 21.
Bxh6 gxh6 22. Qxh6 d3 23. Ng5 Ne5 24. Qh7+ Kf8 25.
Qh8# 1-0

[Event "Early-Titled-Tuesday-Blitz-October-10-2023"]
[Site "Chess.com"]
[Date "2023.10.10"]
[Round "4"]
[White "Rutricks"]
[Black "Shuvalov"]
[Result "0-1"]
[WhiteElo "2670"]
[BlackElo "2490"]
[TimeControl "180+1"]
[EndTime "8:34:08 PDT"]
[Termination "Shuvalov won by resignation"]

1. b3 d5 2. Bb2 Nf6 3. Nf3 Bf5 4.
e3 e6 5. Be2 Be7 6. O-O O-O 7.
h3 h6 8. c4 c6 9. Nc3 Nbd7 10.
Rc1 Bh7 11. d4 Bb4 12. Na4 Ne4 13. a3 Bd6 14. Ne1 Qg5 15. Nd3 Bf5 16. Bg4 Bh7 17.
f4 Qh4 18. Qe1 Qxe1 19. Rfxe1 Nd2 20. cxd5 cxd5 21. Ndc5 Bxc5 22. Nxc5 Nxc5 23. Rxc5 Nxb3 24. Rb5 Nd2 25. Bc3 Nc4 26. Rxb7 Rfb8 27. Reb1 Bxb1 0-1

[Event "Early-Titled-Tuesday-Blitz-October-10-2023"]
[Site "Chess.com"]
[Date "2023.10.10"]
[Round "4"]
[White "ExchangeAB"]
[Black "GAusal"]
[Result "1-0"]
[WhiteElo "2500"]
[BlackElo "2286"]
[TimeControl "180+1"]
[EndTime "8:34:27 PDT"]
[Termination "ExchangeAB won by resignation"]

1. d4 d5 2. Nc3 c6 3. Bf4 Nf6 4.
e3 h6 5. Bd3 e6 6. Nf3 Be7 7.
Ne5 Nbd7 8. Qd2 Nxe5 9. Bxe5 O-O 10.
O-O-O b6 11. g4 Nd7 12. Bg3 c5 13. h4 c4 14. Be2 b5 15. Rdg1 b4 16. Nb1 a5 17. g5 b3 18. cxb3 cxb3 19. a3 Qc7+ 20. Nc3 Ba6 21. gxh6 Bxe2 22. Qxe2 g6 23. Bxc7 1-0

[Event "Early-Titled-Tuesday-Blitz-October-10-2023"]
[Site "Chess.com"]
[Date "2023.10.10"]
[Round "4"]
[White "DenLaz"]
[Black "amanmuhammethommadov"]
[Result "1-0"]
[WhiteElo "3066"]
[BlackElo "2595"]
[TimeControl "180+1"]
[EndTime "8:34:34 PDT"]
[Termination "DenLaz won by resignation"]

1. d4 Nf6 2. c4 g6 3. Nc3 Bg7 4. e4 O-O 5. h3 d6 6. Be3 c5 7. d5 b5 8. cxb5 a6 9. a4 axb5 10. Bxb5 Ba6 11. Nf3 Qa5 12. O-O Qb4 13. Qc2 Nbd7 14.
Bd2 Nb6 15. Rfe1 Nc4 16. Na2 Qxb2 17. Qxc4 Bxb5 18. axb5 Qxb5 19. Qxb5 1-0

[Event "Early-Titled-Tuesday-Blitz-October-10-2023"]
[Site "Chess.com"]
[Date "2023.10.10"]
[Round "4"]
[White "Austen48"]
[Black "JesseFebruary"]
[Result "1-0"]
[WhiteElo "2290"]
[BlackElo "2059"]
[TimeControl "180+1"]
[EndTime "8:34:39 PDT"]
[Termination "Austen48 won by resignation"]

1. d4 Nf6 2. c4 e6 3. Nc3 d5 4. cxd5 exd5 5. Bg5 Be7 6. e3 O-O 7. Qc2 h6 8. Bh4 b6 9. Bd3 Bb7 10. Nf3 c5 11. O-O Nc6 12. a3 cxd4 13. exd4 Rc8 14. Rad1 Na5 15. Rfe1 Nc4 16. Bf5 Rc6 17. Ne5 Nxe5 18.
dxe5 Ne4 19. Bxe4 Bxh4 20. Bxd5 Qc7 21. Bxc6 Qxc6 22. Qe4 Qc7 23. Qxh4 1-0

[Event "Early-Titled-Tuesday-Blitz-October-10-2023"]
[Site "Chess.com"]
[Date "2023.10.10"]
[Round "4"]
[White "pirulillo"]
[Black "Mr_Lion22"]
[Result "0-1"]
[WhiteElo "2344"]
[BlackElo "2519"]
[TimeControl "180+1"]
[EndTime "8:34:40 PDT"]
[Termination "Mr_Lion22 won on time"]

1. e4 c5 2. Nf3 d6 3. d4 cxd4 4. Nxd4 Nf6 5. Nc3 a6 6. Be2 e5 7. Nb3 Be7 8. Be3 Be6 9. Nd5 Bxd5 10. exd5 Nbd7 11. Qd2 b5 12. Na5 Qc7 13. Nc6 Rc8 14.
O-O Bd8 15. f3 O-O 0-1

[Event "Early-Titled-Tuesday-Blitz-October-10-2023"]
[Site "Chess.com"]
[Date "2023.10.10"]
[Round "4"]
[White "kaanadayhamle"]
[Black "DanielTitichoca"]
[Result "0-1"]
[WhiteElo "2433"]
[BlackElo "2633"]
[TimeControl "180+1"]
[EndTime "8:34:41 PDT"]
[Termination "DanielTitichoca won by resignation"]

1. Nf3 g6 2. g3 Bg7 3. Bg2 e5 4. O-O Nc6 5. c4 d6 6. Nc3 f5 7. d3 Nf6 8. Bg5 O-O 9. Qd2 Ne7 10. Bh6 c6 11. Bxg7 Kxg7 12. h4 h6 13. e4 Nh5 14.
exf5 gxf5 15. Rae1 Ng6 16. c5 f4 17. cxd6 fxg3 18.
Nxe5 Qxh4 19. fxg3 Qd4+ 20. Kh2 Rxf1 21. Bxf1 Nxe5 22.
Qe2 Ng4+ 23. Kg2 Bf5 24. Qe7+ Kh8 25. Re2 Bxd3 0-1

[Event "Early-Titled-Tuesday-Blitz-October-10-2023"]
[Site "Chess.com"]
[Date "2023.10.10"]
[Round "4"]
[White "remi04"]
[Black "Dacean99"]
[Result "1-0"]
[WhiteElo "2866"]
[BlackElo "2593"]
[TimeControl "180+1"]
[EndTime "8:34:44 PDT"]
[Termination "remi04 won by resignation"]

1. e4 e6 2. d4 d5 3. Nd2 c5 4. Ngf3 cxd4 5. Nxd4 e5 6. N4f3 dxe4 7. Nxe5 Nf6 8. Bc4 Be6 9. Bxe6 fxe6 10. Qe2 Qd5 11. Ng4 Ba3 12. Nxf6+ gxf6 13. Nxe4 Be7 14. O-O Nc6 15.
Rd1 Qe5 16. c3 Rg8 17. Qf3 Rd8 18. Be3 Rxd1+ 19. Rxd1 f5 20. Qh5+ 1-0

[Event "Early-Titled-Tuesday-Blitz-October-10-2023"]
[Site "Chess.com"]
[Date "2023.10.10"]
[Round "4"]
[White "Lady_Nika"]
[Black "Road2GM3000"]
[Result "1-0"]
[WhiteElo "2533"]
[BlackElo "2376"]
[TimeControl "180+1"]
[EndTime "8:34:49 PDT"]
[Termination "Lady_Nika won by resignation"]

1. c4 c6 2. d4 d5 3. cxd5 cxd5 4. Nc3 Nf6 5. Nf3 a6 6. e3 Bg4 7. Be2 e6 8. Ne5 Bxe2 9. Qxe2 Nbd7 10. f4 Bb4 11. O-O Bxc3 12. bxc3 Rc8 13. c4 Nxe5 14. fxe5 Ne4 15. cxd5 Qxd5 16. Ba3 Rc7 17. Qb2 Qb5 18.
Qxb5+ axb5 19. Rf4 Nd2 20. Bd6 Rc3 21. Bb4 Rc2 22.
Rf2 1-0

[Event "Early-Titled-Tuesday-Blitz-October-10-2023"]
[Site "Chess.com"]
[Date "2023.10.10"]
[Round "4"]
[White "emeli_chess"]
[Black "Savagelittlemole"]
[Result "1-0"]
[WhiteElo "2387"]
[BlackElo "2553"]
[TimeControl "180+1"]
[EndTime "8:34:53 PDT"]
[Termination "emeli_chess won by resignation"]

1. d4 Nf6 2. c4 c5 3. d5 e6 4.
Nc3 exd5 5. cxd5 d6 6. Nf3 g6 7. h3 Bg7 8. e4 O-O 9. Bd3 a6 10. a4 Nbd7 11. O-O Re8 12. Re1 Qe7 13. Bg5 Ne5 14. Nxe5 Qxe5 15. Qd2 Rb8 16. Bf4 Qe7 17. e5 Nh5 18. exd6 Qd7 19. Rxe8+ Qxe8 20. d7 Bxd7 21. Bxb8 Qxb8 22. Re1 Nf4 23. Bc4 Bd4 24. Ne4 Bf5 25. d6 Bxe4 26. Rxe4 g5 27. d7 Nxh3+ 28. Kh1 Kg7 29. gxh3 Qd6 30. Qxg5+ 1-0

[Event "Early-Titled-Tuesday-Blitz-October-10-2023"]
[Site "Chess.com"]
[Date "2023.10.10"]
[Round "4"]
[White "DanyKopy"]
[Black "FGHSMN"]
[Result "0-1"]
[WhiteElo "2589"]
[BlackElo "2860"]
[TimeControl "180+1"]
[EndTime "8:34:56 PDT"]
[Termination "FGHSMN won by resignation"]

1. d4 Nf6 2. Nf3 e6 3. c4 c5 4. d5 exd5 5. cxd5 d6 6. Nc3 g6 7.
e4 Bg7 8. Be2 O-O 9. Nd2 a6 10.
a4 Nbd7 11. a5 Re8 12. O-O Rb8 13. f3 b5 14. axb6 Qxb6 15. Nc4 Qc7 16. Bf4 Ne5 17. Nxe5 dxe5 18. Be3 Rxb2 19. Bxa6 Bd7 20. Qd3 Nh5 21. Bb5 Nf4 22. Bxf4 exf4 23. Bxd7 Qxd7 24. Rac1 Rb3 25. Qc4 Bd4+ 26. Kh1 Reb8 27. Rb1 R3b4 28. Qd3 Bxc3 0-1

[Event "Early-Titled-Tuesday-Blitz-October-10-2023"]
[Site "Chess.com"]
[Date "2023.10.10"]
[Round "4"]
[White "GM4life"]
[Black "parintele_chess"]
[Result "0-1"]
[WhiteElo "2476"]
[BlackElo "2258"]
[TimeControl "180+1"]
[EndTime "8:34:58 PDT"]
[Termination "parintele_chess won by resignation"]

1. d4 Nf6 2. c4 e6 3. Nc3 Bb4 4. e3 b6 5. Bd3 Bb7 6. Nf3 O-O 7. O-O h6 8. Qe2 Bxc3 9. bxc3 Ne4 10. Qc2 f5 11.
Nd2 Nxd2 12. Bxd2 d6 13. e4 fxe4 14. Bxe4 Bxe4 15. Qxe4 Nd7 16. Qxe6+ Kh8 17. Rae1 Nf6 18. Qh3 Re8 19. Re3 Rxe3 20. Bxe3 Qg8 21. d5 Re8 22. Bd4 Qf7 23. Qf3 Kg8 24. h3 Ne4 25. Qxf7+ Kxf7 26. Re1 Nd2 27. Rb1 Nxc4 28. Rb4 Re1+ 29. Kh2 Nd2 30.
h4 Re2 31. Kg3 Nf1+ 32. Kf3 Rxa2 33. Rc4 Nd2+ 34. Kg3 Nxc4 0-1